 Dungeon Crawl Stone Soup version 0.18-a0-455-gc7d4c65 (console) character file.

14147 bli the Thaumaturge (level 12, -2/73 HPs)
             Began as a Gargoyle Conjurer on Dec 1, 2015.
             Was the Champion of Dithmenos.
             Slain by an orc warrior
             ... wielding a +0 flail
             ... led by Saint Roka
              (16 damage)
             ... on level 4 of the Orcish Mines.
             The game lasted 01:19:16 (14758 turns).

bli the Thaumaturge (Gargoyle Conjurer)            Turns: 14758, Time: 01:19:16

Health: -2/73      AC: 15    Str: 13    XL:     12   Next: 13%
Magic:  4/26       EV: 15    Int: 18    God:    Dithmenos [******]
Gold:   1323       SH:  0    Dex: 12    Spells: 4 memorised, 22 levels left

rFire  + . .     SeeInvis .     a - +7 glaive of Collusion {drain, rC+}
rCold  + . .     Clarity  .     o - +2 robe {rF+}
rNeg   + . .     SustAt   .     (shield currently unavailable)
rPois  ∞         Gourm    .     I - +0 helmet
rElec  +         Spirit   .     x - +0 cloak
rCorr  .         Dsmss    .     v - +0 pair of gloves
rMut   .         Stasis   .     (no boots)
MR     +....                    z - amulet of faith
Stlth  ++++......               (no ring)
                                T - ring of protection from magic

@: wreathed by umbra, somewhat resistant to hostile enchantments, stealthy
A: negative energy resistance 1, electricity resistance, unbreathing,
petrification resistance, rot immunity, AC +8
a: Shadow Step, Shadow Form, Renounce Religion


You were on level 4 of the Orcish Mines.
You worshipped Dithmenos.
Dithmenos was exalted by your worship.
You were hungry.

You visited 3 branches of the dungeon, and saw 14 of its levels.

You collected 1755 gold pieces.
You spent 432 gold pieces at shops.

Inventory:

Hand Weapons
 a - the +7 glaive of Collusion (weapon) {drain, rC+}
   (You found it on level 9 of the Dungeon)

   A truly terrible weapon, it drains the life of those it strikes.
   It protects you from cold.
 b - a +2 flail of holy wrath
 c - a +1 mace of holy wrath
 j - a cursed -3 glaive
 P - a +1 dagger of electrocution
 Q - a +0 vampiric dagger
 S - a +0 mace of distortion
 U - a +4 mace
 W - a +1 dagger of electrocution
 Y - a +1 flail of holy wrath
Missiles
 d - 222 stones (quivered)
Armour
 o - a +2 robe of fire resistance (worn)
 v - a +0 pair of gloves (worn)
 x - a +0 cloak (worn)
 I - a +0 helmet (worn)
 L - a +0 robe of cold resistance
 M - a +1 leather armour of positive energy
 O - a +0 leather armour of magic resistance
 X - a troll hide
Jewellery
 e - an uncursed amulet of clarity
 r - an uncursed ring of fire
 z - an amulet of faith (around neck)
 T - a ring of protection from magic (left hand)
Wands
 w - a wand of slowing (21)
Scrolls
 g - a scroll of blinking
 k - a scroll of magic mapping {unknown}
 q - 3 scrolls of random uselessness
 s - 3 scrolls of noise
 u - 3 scrolls of recharging
 y - 2 scrolls of teleportation
 C - a scroll of amnesia
 F - 2 scrolls of remove curse
 G - a scroll of immolation
 Z - a scroll of fear {unknown}
Potions
 f - 2 potions of lignification {unknown}
 h - 2 potions of brilliance {unknown}
 m - a potion of invisibility {unknown}
 p - 5 potions of heal wounds {unknown}
 t - 2 potions of agility
 A - a potion of beneficial mutation {unknown}
 B - 2 potions of curing
 D - a potion of ambrosia
 H - a potion of flight {unknown}
 N - a potion of magic
Books
 E - a book of Conjurations

   Spells                             Type                      Level
   a - Magic Dart                     Conjuration                  1
   b - Searing Ray                    Conjuration                  2
   c - Dazzling Spray                 Conjuration/Hexes            3
   d - Fulminant Prism                Conjuration/Hexes            4
   e - Iskenderun's Mystic Blast      Conjuration                  4
   f - Iskenderun's Battlesphere      Conjuration/Charms           5
Comestibles
 i - 3 royal jellies
 l - 6 beef jerkies
 n - 8 meat rations
 J - a fruit
 K - 7 slices of pizza
 R - 6 bread rations
 V - 28 chunks of flesh


   Skills:
 * Level 7.8 Fighting
 + Level 6.2 Maces & Flails
 * Level 2.8 Polearms
 + Level 6.8 Dodging
 + Level 3.4 Stealth
 * Level 10.5 Spellcasting
 + Level 10.1 Conjurations
 + Level 2.4 Hexes


You had 22 spell levels left.
You knew the following spells:

 Your Spells              Type           Power        Failure   Level  Hunger
a - Magic Dart            Conj           ####         1%          1    None
b - Iskenderun's Mystic   Conj           #####...     1%          4    ###....
d - Dazzling Spray        Conj/Hex       ####....     1%          3    None
r - Searing Ray           Conj           #####.       1%          2    None


Dungeon Overview and Level Annotations

Branches:
Dungeon (9/15)             Temple (1/1) D:5             Orc (4/4) D:9
    Elf (0/3) Orc:4
   Lair: D:8-11

Altars:
Cheibriados
Dithmenos
Makhleb
Sif Muna
Trog
Xom
Beogh

Shops:
D:8 :*=   Orc:1 =   Orc:4 :

Annotations:
D:9 Psyche
Orc:4 Saint Roka


Innate Abilities, Weirdness & Mutations

You are resistant to torment.
Your stone body is resilient (AC +8).
You are immune to poison.
You resist negative energy.
You are resistant to electric shocks.
You can survive without breathing.
You are immune to petrification.
You are immune to rotting.


Message History

You hit the orc knight but do no damage.
The orc knight is severely wounded.
The orc knight closely misses you.
The orc knight hits you with a long sword.
You barely miss the orc knight.
The orc knight is severely wounded.
Your shadow hits the orc knight but does no damage.
The orc knight hits you but does no damage.
The orc warrior barely misses you.
You slash the orc knight!
The orc knight is almost dead.
Your shadow closely misses the orc knight.
The orc knight misses you. The orc warrior hits you with a flail!!
* * * LOW HITPOINT WARNING * * *
You emit a cloud of dark smoke.
You hit the orc knight.
You kill the orc knight!
Dithmenos accepts your kill. The orc warrior hits you with a flail!
You die...

...#........... ...).
.....))........o. .....
#............... .....
##.#............. .....
#..............### ..o.#
#................# ...
#............†..# .
##...........)§§##
##............§.§#
##...........)§§§o#
#............[§§@§### ...
#....).......§§§§§§.# ...
##.................## .. ##
##................# ....#
##...............# .#.#
##..............##### ..##
#.......[...........####...#
##.#.....####)'####.#.#....##
##......#........#)........#
##....##.#..####..#..#.......##
#....###.#..#..#))#.........##.


You could see an orc warrior (frenzied).

Vanquished Creatures
  Erica (D:9)
  Urug (Orc:3)
  An orc high priest (Orc:4)
  Nergalle (Orc:2)
  The ghost of Crishpax the Thaumaturge, a novice DEWz of Vehumet (D:8)
  2 orc knights (Orc:4)
  2 orc sorcerers (Orc:4)
  A troll (Orc:4)
  The ghost of Armakuni the Skirmisher, an amateur DEAK of Lugonu (D:4)
  A wyvern (D:8)
  Eustachio (D:6)
  A hog (D:8)
  A human (D:8)
  2 wargs
  A water moccasin (D:7)
  3 sky beasts
  An eye of draining (D:8)
  25 orc warriors
  2 ice beasts
  4 phantoms
  2 black bears
  6 ogres
  4 centaurs
  7 giant frogs
  A water moccasin zombie (D:8)
  4 scorpions
  A wyvern skeleton (D:9)
  6 crimson imps
  5 hounds
  34 orc wizards
  2 centaur skeletons
  29 orc priests
  4 jellies
  A gnoll shaman (D:6)
  2 iguanas (D:8)
  7 worker ants
  Terence (D:3)
  A killer bee zombie (D:5)
  3 sheep (D:8)
  A hound skeleton (D:5)
  A hound zombie (D:8)
  12 gnolls
  13 adders
  3 oozes
  3 worms
  An adder skeleton (D:6)
  7 giant geckos
  206 orcs
  3 ball pythons
  13 bats
  3 giant cockroaches
  5 hobgoblins
  5 jackals
  7 quokkas
  A ball python zombie (D:6)
  A giant gecko skeleton (D:7)
  10 giant newts
  10 goblins
  A jackal skeleton (D:7)
  11 kobolds
  A quokka skeleton (D:4)
  5 rats
496 creatures vanquished.

Vanquished Creatures (others)
  A wyvern (D:8)
  A wasp (D:8)
  An ogre (D:8)
  A necrophage (D:8)
  A scorpion (D:8)
  A worker ant (D:8)
  An orc (D:8)
7 creatures vanquished.

Grand Total: 503 creatures vanquished

Notes
Turn   | Place    | Note
--------------------------------------------------------------
     0 | D:1      | bli the Gargoyle Conjurer began the quest for the Orb.
     0 | D:1      | Reached XP level 1. HP: 10/10 MP: 3/3
   173 | D:1      | Reached XP level 2. HP: 12/15 MP: 1/5
   338 | D:1      | Reached skill level 5 in Conjurations
   515 | D:1      | Reached XP level 3. HP: 19/19 MP: 3/6
   734 | D:1      | You fall through a shaft!
   850 | D:2      | Learned a level 2 spell: Searing Ray
   975 | D:2      | Reached XP level 4. HP: 24/24 MP: 2/7
  1535 | D:2      | Found a deep blue altar of Sif Muna.
  1759 | D:3      | Reached XP level 5. HP: 7/28 MP: 0/10
  2311 | D:3      | Reached skill level 1 in Fighting
  2337 | D:3      | Noticed Terence
  2347 | D:3      | Killed Terence
  2347 | D:3      | Reached XP level 6. HP: 28/34 MP: 1/12
  2638 | D:3      | Reached skill level 6 in Conjurations
  2916 | D:4      | Noticed Armakuni's ghost (amateur DEAK)
  2927 | D:4      | Killed Armakuni's ghost
  2927 | D:4      | Reached skill level 1 in Maces & Flails
  2927 | D:4      | Reached skill level 5 in Spellcasting
  2927 | D:4      | Reached XP level 7. HP: 37/40 MP: 3/14
  3235 | D:4      | Found a burning altar of Makhleb.
  3569 | D:4      | Reached XP level 8. HP: 45/45 MP: 10/16
  3733 | D:4      | Found a shadowy altar of Dithmenos.
  3754 | D:4      | Became a worshipper of Dithmenos the Shadowed
  3869 | D:5      | Entered Level 5 of the Dungeon
  3986 | D:5      | Reached skill level 7 in Conjurations
  3989 | D:5      | Found a staircase to the Ecumenical Temple.
  4399 | D:5      | Found a bloodstained altar of Trog.
  4896 | Temple   | Entered the Ecumenical Temple
  5441 | D:6      | Reached * piety under Dithmenos
  5778 | D:6      | Reached XP level 9. HP: 46/52 MP: 3/18
  5847 | D:6      | Learned a level 3 spell: Dazzling Spray
  6009 | D:6      | Reached skill level 8 in Conjurations
  6242 | D:6      | Noticed Eustachio
  6268 | D:6      | Killed Eustachio
  6584 | D:6      | Reached skill level 1 in Hexes
  6687 | D:7      | Reached ** piety under Dithmenos
  7025 | D:7      | Found a snail-covered altar of Cheibriados.
  7196 | D:7      | Reached skill level 5 in Fighting
  7644 | D:7      | Reached XP level 10. HP: 41/59 MP: 21/21
  7759 | D:7      | Reached skill level 5 in Dodging
  7830 | D:8      | Found Eclint's Jewellery Boutique.
  8125 | D:8      | Reached *** piety under Dithmenos
  8146 | D:8      | Found Wefaikeg's Assorted Antiques.
  8147 | D:8      | Found Tusais's Book Shoppe.
  8215 | D:8      | Reached skill level 5 in Maces & Flails
  8232 | D:8      | Found a shimmering altar of Xom.
  8601 | D:8      | Noticed Crishpax's ghost (novice DEWz)
  8663 | D:8      | Killed Crishpax's ghost
  9203 | D:9      | Noticed Erica
  9216 | D:9      | Killed Erica
  9273 | D:9      | Found a staircase to the Orcish Mines.
  9299 | D:9      | Got a dazzling glaive
  9300 | D:9      | Identified the +7 glaive of Collusion {drain, rC+} (You found it on level 9 of the Dungeon)
  9393 | D:9      | Noticed Psyche
  9406 | Orc:1    | Entered Level 1 of the Orcish Mines
  9408 | Orc:1    | Reached **** piety under Dithmenos
  9440 | Orc:1    | Reached skill level 9 in Conjurations
  9560 | D:9      | Reached XP level 11. HP: 59/66 MP: 13/23
  9570 | D:9      | Learned a level 4 spell: Iskenderun's Mystic Blast
 10404 | Orc:1    | Reached skill level 1 in Polearms
 10663 | Orc:2    | Noticed Nergalle
 10678 | Orc:2    | Killed Nergalle
 11033 | Orc:2    | Reached ***** piety under Dithmenos
 11036 | Orc:2    | HP: 3/66 [orc warrior/scimitar (6)]
 11747 | Orc:1    | Found Ufuefevo's Jewellery Boutique.
 11757 | Orc:1    | Bought a cursed amulet of inaccuracy for 32 gold pieces
 11757 | Orc:1    | Bought an uncursed ring of protection from magic for 400 gold pieces
 11946 | Orc:2    | Found a bloodstained altar of Trog.
 12352 | Orc:3    | Found a roughly hewn altar of Beogh.
 12748 | Orc:3    | Reached ****** piety under Dithmenos
 13003 | Orc:4    | Entered Level 4 of the Orcish Mines
 13374 | Orc:4    | Found Huipp's Book Shop.
 13431 | Orc:4    | Found a staircase to the Elven Halls.
 13447 | Orc:4    | Noticed an orc knight
 13510 | Orc:4    | Killed an orc knight
 13656 | Orc:4    | Noticed Urug
 13852 | Orc:3    | Killed Urug
 14030 | Orc:4    | Noticed an orc high priest
 14209 | Orc:4    | Killed an orc high priest
 14209 | Orc:4    | Reached skill level 10 in Spellcasting
 14550 | Orc:4    | Reached XP level 12. HP: 69/72 MP: 11/26
 14610 | Orc:4    | Reached skill level 10 in Conjurations
 14733 | Orc:4    | Noticed Saint Roka
 14758 | Orc:4    | Slain by an orc warrior

Vault maps used:
D:1:      minmay_arrival_checkered_box, minmay_misc_feat_nine_boxes
D:2:      lemuel_blue_sif_altar, first_bread, st_stairs_6, minmay_misc_feat_chi
D:3:      dk_noncrumbling_2, kennysheep_generic_room_16, uniq_terence
D:4:      makhleb_blood_cavern_becter, kennysheep_mini_moat,
          corexii_checkpoint_a
D:5:      kennysheep_little_box, minmay_temple_entry_grid,
          kb_lookout_dungeons_type
D:6:      uniq_eustachio
D:7:      slow_altar_2
D:8:      xom_confusion_cloud, serial_shops, nicolae_shop_stone, shop, shop,
          grunt_ministairs_12, grunt_livestock
D:9:      evilmike_ruin_ashenzari, david_orc_2, serial_shops, kennysheep_mini,
          uniq_erica, uniq_psyche
Temple:   dpeg_five_rooms_temple_12
Orc:1:    serial_shops, shop
Orc:2:    basic_altar, uniq_nergalle
Orc:3:    nicolae_orc_accident_3, serial_shops, basic_altar,
          nicolae_orc_pool_cavern
Orc:4:    grunt_orc_cross, serial_shops, shop, guppyfry_library_mini

Action                   |  1- 3 |  4- 6 |  7- 9 | 10-12 || total
-------------------------+-------+-------+-------+-------++-------
Melee: Mace              |    22 |    45 |    86 |    80 ||   233
       Spear             |       |       |    38 |       ||    38
       Glaive            |       |       |       |   191 ||   191
 Cast: Magic Dart        |    64 |   110 |   254 |   368 ||   796
       Searing Ray       |       |     9 |    33 |    32 ||    74
       Dazzling Spray    |       |       |     2 |    89 ||    91
       Iskenderun's Myst |       |       |       |    20 ||    20
  Use: Scroll            |       |       |    11 |     3 ||    14
 Stab: Sleeping          |       |       |     1 |     1 ||     2
       Invisible         |       |       |       |     4 ||     4
  Eat: Chunk             |     1 |     7 |    14 |    24 ||    46
